[Event "Titled Tuesday Blitz February 07 Late 2023"]
[White "Alex_Sahakyan2006"]
[Black "Hakobyan, Aram"]
[BlackFideId "13306677"]
[WhiteElo "2733"]
[BlackElo "2608"]
[Result "1/2-1/2"]
[Round "03"]
[TimeControl "180+2"]
[Date "2023.02.07"]
[WhiteClock "0:00:05"]
[BlackClock "0:00:13"]

1. e4 e5 2. Nf3 Nc6 3. Nc3 Nf6 4. d4 exd4 5. Nxd4 Bb4 6. Nxc6 bxc6 7. Bd3 O-O 8. O-O d5 9. exd5 Bg4 10. Be2 Bxe2 11. Nxe2 cxd5 12. c3 Bd6 13. Bf4 Re8 14. Bxd6 Qxd6 15. Ng3 Re5 16. Qd3 Rae8 17. Rad1 h5 18. b4 Qd7 19. Qd4 c6 20. c4 Qe6 21. cxd5 Rxd5 22. Qf4 Rxd1 23. Rxd1 Qxa2 24. h3 Qc2 25. Ra1 Nd5 26. Qd4 Qc3 27. Qxc3 Nxc3 28. Nxh5 Nb5 29. Ra6 Re4 30. Rxc6 Rxb4 31. g4 a5 32. Ra6 a4 33. Ra8+ Kh7 34. Kg2 a3 35. Ng3 Rb2 36. Ne4 a2 37. h4 f6 38. h5 Rc2 39. g5 fxg5 40. Ra6 Kg8 41. Nxg5 Kf8 42. Ne6+ Kf7 43. Ng5+ Ke7 44. Ne4 Nd4 45. Ng3 Nb3 46. Nf5+ Kf7 47. Nd6+ Kf8 48. Ra8+ Ke7 49. Nf5+ Kf6 50. Ne3 Re2 51. Kf3 Rxe3+ 52. fxe3 a1=Q 53. Rxa1 Nxa1 54. Kf4 Nb3 55. e4 Nd4 56. e5+ Kf7 57. Kg5 Ne6+ 58. Kf5 Nf8 59. Kg5 Ne6+ 60. Kf5 Nd4+ 61. Kg5 Nc6 62. Kf5 Ne7+ 63. Kg5 Ng8 64. Kf5 Nh6+ 65. Kg5 Ke7 66. Kg6 Kf8 67. e6 Ng8 68. Kh7 Nf6+ 69. Kg6 Ng4 70. e7+ Kxe7 71. Kxg7 Nf6 72. h6 Ne8+ 73. Kg8 Nf6+ 74. Kg7 Nh5+ 75. Kg6 Nf6 76. h7 Nxh7 1/2-1/2


[Site "https://www.chess.com"]

[Event "Titled Tuesday Blitz February 07 Late 2023"]
[White "Bortnyk, Olexandr"]
[Black "Cuenca Jimenez, Jose Fernando"]
[WhiteFideId "14120828"]
[BlackFideId "2255570"]
[WhiteElo "2605"]
[BlackElo "2535"]
[Result "1-0"]
[Round "03"]
[TimeControl "180+2"]
[Date "2023.02.07"]
[WhiteClock "0:01:20"]
[BlackClock "0:00:10"]

1. d4 Nf6 2. Nc3 d6 3. e4 e5 4. Nf3 Nbd7 5. Bc4 Be7 6. O-O O-O 7. a4 c6 8. Re1 h6 9. b3 Re8 10. Ba3 exd4 11. Nxd4 Ne5 12. Be2 Bf8 13. Qd2 Qa5 14. Rad1 Ng6 15. f3 Qg5 16. Qxg5 hxg5 17. Bc1 Nf4 18. Bf1 d5 19. g3 Bb4 20. Bd2 Ng6 21. exd5 Rxe1 22. Bxe1 cxd5 23. Ncb5 Bxe1 24. Rxe1 Bd7 25. Bd3 Nf8 26. Nd6 b6 27. Re7 Be6 28. Rb7 N8d7 29. Bb5 Nc5 30. Rc7 a6 31. Be2 Rd8 32. Nxe6 fxe6 33. Nf7 Rd7 34. Rxd7 Nfxd7 35. Nxg5 a5 36. f4 Kf8 37. Kf2 Ke7 38. Ke3 Kd6 39. Nf7+ Ke7 40. Ng5 Kd6 41. h4 e5 42. Nf7+ Ke6 43. Nxe5 Nxe5 44. fxe5 Kxe5 45. Bd3 d4+ 46. Kf3 Nd7 47. g4 Nf6 48. g5 Nd5 49. h5 Nc3 50. h6 gxh6 51. gxh6 Kf6 52. h7 Kg7 53. Kf4 1-0


[Site "https://www.chess.com"]

[Event "Titled Tuesday Blitz February 07 Late 2023"]
[White "Koziorowicz, Michal"]
[Black "Dominguez Perez, Leinier"]
[WhiteFideId "21809194"]
[BlackFideId "3503240"]
[WhiteElo "2307"]
[BlackElo "2739"]
[Result "1-0"]
[Round "03"]
[TimeControl "180+2"]
[Date "2023.02.07"]
[WhiteClock "0:00:53"]
[BlackClock "0:00:02"]

1. e4 Nf6 2. Nc3 d5 3. exd5 Nxd5 4. Bc4 Nb6 5. Bb3 Nc6 6. Nf3 Bf5 7. d3 e6 8. O-O Be7 9. h3 Na5 10. Bf4 O-O 11. Re1 c6 12. Bg3 Nxb3 13. axb3 Nd5 14. Ne4 a5 15. Qe2 h6 16. Red1 b5 17. Nd4 Nf4 18. Bxf4 Qxd4 19. Bd2 a4 20. Bc3 Qd5 21. bxa4 bxa4 22. Qe3 Rfd8 23. Qg3 Bg6 24. Re1 Bf8 25. Nd2 a3 26. bxa3 Bxa3 27. Nc4 Bf8 28. Ne5 Bf5 29. Nc4 Qb5 30. Rab1 Qa4 31. Rb2 Qa6 32. Reb1 Rac8 33. Rb7 Qa2 34. R7b2 Qa6 35. Rb7 Qa4 36. R1b2 Qa1+ 37. Kh2 Qa6 38. Ne5 Qa3 39. R2b3 Qd6 40. Nxf7 Qxg3+ 41. Kxg3 Rd5 42. Ne5 Bd6 43. f4 g5 44. Kf3 gxf4 45. Nd7 Be7 46. Nf6+ Bxf6 47. Bxf6 Rb5 48. Rg7+ Kf8 49. Ra3 e5 50. Raa7 Be6 51. Rh7 Bd5+ 52. Kf2 Bg8 53. Rh8 Rc5 54. Bg7+ Ke8 55. Rxg8# 1-0


[Site "https://www.chess.com"]

[Event "Titled Tuesday Blitz February 07 Late 2023"]
[White "Babazada, Khazar"]
[Black "Leiva, Gianmarco"]
[WhiteFideId "13413554"]
[BlackFideId "3804399"]
[WhiteElo "2474"]
[BlackElo "2392"]
[Result "1-0"]
[Round "03"]
[TimeControl "180+2"]
[Date "2023.02.07"]
[WhiteClock "0:00:21"]
[BlackClock "0:00:03"]

1. Nf3 d5 2. g3 Nc6 3. Bg2 e5 4. d3 Nf6 5. O-O Be7 6. Nbd2 O-O 7. e4 dxe4 8. dxe4 a5 9. c3 a4 10. Qe2 Be6 11. Nh4 Nd7 12. Nf5 Bc5 13. Nc4 Re8 14. Be3 Bf8 15. Rfd1 Qc8 16. Rd2 Nc5 17. Bxc5 Bxc5 18. Nce3 Bf8 19. Nd5 Nb8 20. Rad1 Nd7 21. a3 Nc5 22. Qg4 Kh8 23. Qh4 Ra6 24. Nb4 Ra8 25. Nd5 Ra6 26. Bf1 Nxe4 27. Qxe4 Bxf5 28. Qe3 Rd6 29. c4 b6 30. Nc3 Rxd2 31. Qxd2 Bc5 32. Nxa4 Bd4 33. Bg2 c6 34. Nc3 Qc7 35. Ne4 h6 36. b4 Ra8 37. Qd3 Qa7 38. Qf3 Be6 39. Nd6 Qc7 40. Nb5 Qc8 41. Nxd4 exd4 42. Rxd4 c5 43. Qxa8 Qxa8 44. Bxa8 cxd4 45. c5 bxc5 46. bxc5 d3 47. Kf1 Kg8 48. Ke1 Kf8 49. Kd2 Bd5 50. Bxd5 1-0


[Site "https://www.chess.com"]

[Event "Titled Tuesday Blitz February 07 Late 2023"]
[White "Svane, Rasmus"]
[Black "Gascon Del Nogal, Jose Rafael"]
[WhiteFideId "4657101"]
[BlackFideId "3902463"]
[WhiteElo "2623"]
[BlackElo "2459"]
[Result "1/2-1/2"]
[Round "03"]
[TimeControl "180+2"]
[Date "2023.02.07"]
[WhiteClock "0:01:57"]
[BlackClock "0:01:14"]

1. Nf3 d5 2. g3 Nd7 3. d4 Nb6 4. Nc3 Bf5 5. Nh4 e6 6. Nxf5 exf5 7. Qd3 g6 8. Bg2 c6 9. O-O Nf6 10. Bg5 Be7 11. Bxf6 Bxf6 12. e3 O-O 13. Ne2 Re8 14. b3 Rb8 15. Rad1 Qe7 16. c4 dxc4 17. bxc4 c5 18. Nf4 Red8 19. Nd5 Nxd5 20. Bxd5 cxd4 21. exd4 b5 22. Rfe1 Qd7 23. Re2 bxc4 24. Bxc4 Bxd4 25. Red2 Qe7 26. Qf3 Bb6 27. Rxd8+ Rxd8 28. Rxd8+ Qxd8 29. Qd5 Qxd5 30. Bxd5 1/2-1/2


[Site "https://www.chess.com"]

[Event "Titled Tuesday Blitz February 07 Late 2023"]
[White "Wieczorek, Oskar"]
[Black "Sjugirov, Sanan"]
[WhiteFideId "1133950"]
[BlackFideId "4189302"]
[WhiteElo "2512"]
[BlackElo "2712"]
[Result "0-1"]
[Round "03"]
[TimeControl "180+2"]
[Date "2023.02.07"]
[WhiteClock "0:01:35"]
[BlackClock "0:01:26"]

1. e4 c5 2. Nf3 d6 3. d4 cxd4 4. Nxd4 Nf6 5. Nc3 a6 6. f4 Qc7 7. a4 g6 8. Bd3 Bg7 9. Nf3 Qc5 10. Qe2 Bg4 11. Be3 Qh5 12. O-O Nc6 13. h3 Bxf3 14. Rxf3 Qa5 15. g4 O-O 16. Rb1 d5 17. e5 d4 18. Bd2 dxc3 19. Bxc3 Qc5+ 0-1


[Site "https://www.chess.com"]

[Event "Titled Tuesday Blitz February 07 Late 2023"]
[White "Esipenko, Andrey"]
[Black "Dourerassou, Jonathan"]
[WhiteFideId "24175439"]
[BlackFideId "628050"]
[WhiteElo "2679"]
[BlackElo "2414"]
[Result "0-1"]
[Round "03"]
[TimeControl "180+2"]
[Date "2023.02.07"]
[WhiteClock "0:00:10"]
[BlackClock "0:00:16"]

1. e4 d5 2. exd5 Qxd5 3. Nf3 Bg4 4. Be2 Nc6 5. O-O O-O-O 6. Nc3 Qd7 7. b4 e5 8. b5 Bxf3 9. Bxf3 Nd4 10. a4 Bb4 11. Nd5 Nxf3+ 12. Qxf3 Qxd5 13. Qg4+ f5 14. Qxb4 Nf6 15. d3 e4 16. a5 exd3 17. cxd3 Qd4 18. Qxd4 Rxd4 19. Be3 Rxd3 20. Bxa7 Rb3 21. Rfb1 Rxb1+ 22. Rxb1 Rd8 23. h3 Ne4 24. Be3 Nc3 25. Rb3 Rd1+ 26. Kh2 Nd5 27. Bc5 Ra1 28. Ba3 Ra2 29. a6 Kb8 30. Rd3 c6 31. axb7 Kxb7 32. bxc6+ Kxc6 33. Kg3 g5 34. Bc1 f4+ 35. Kf3 Rc2 36. Bd2 h5 37. g3 Rc4 38. g4 h4 39. Ra3 Rc2 40. Ke2 Kd6 41. Kd3 Rc6 42. Ra5 Ke6 43. Kd4 Rd6 44. Kd3 Ne3+ 45. Ke2 Rxd2+ 46. Kxd2 Nc4+ 47. Kd3 Nxa5 48. Ke4 Nc6 49. Kd3 Ne5+ 50. Ke4 Ng6 51. Kd4 Ne7 52. Ke4 Nd5 53. Kd4 Nf6 54. f3 Kd6 55. Kc4 Ke5 56. Kd3 Nd5 57. Kc4 Ne3+ 58. Kd3 Nf1 59. Ke2 Ne3 60. Kd3 Kd5 61. Kc3 Nc4 62. Kd3 Ne5+ 63. Ke2 Kd4 64. Kf2 Kd3 65. Kg2 Ke3 66. Kh1 Nxf3 67. Kg2 Ne5 68. Kh1 Ke2 69. Kg2 f3+ 70. Kg1 f2+ 71. Kh2 Nf3+ 72. Kh1 f1=Q# 0-1


[Site "https://www.chess.com"]

[Event "Titled Tuesday Blitz February 07 Late 2023"]
[White "Urazayev, Arystanbek"]
[Black "Starozhilov, Leonid"]
[WhiteFideId "13709810"]
[BlackFideId "14106752"]
[WhiteElo "2460"]
[BlackElo "2313"]
[Result "1-0"]
[Round "03"]
[TimeControl "180+2"]
[Date "2023.02.07"]
[WhiteClock "0:00:24"]
[BlackClock "0:00:05"]

1. e4 Nc6 2. Nf3 d6 3. d4 Nf6 4. Nc3 Bg4 5. d5 Nb8 6. h3 Bxf3 7. Qxf3 Nbd7 8. Be2 c6 9. O-O g6 10. Bf4 Bg7 11. Rad1 Qc7 12. Rfe1 O-O 13. Qe3 Rfe8 14. Bh6 a6 15. Bxg7 Kxg7 16. a4 Rac8 17. Qd4 Qb6 18. Qxb6 Nxb6 19. a5 Nbd7 20. Bf1 Rc7 21. Ra1 Rec8 22. dxc6 Rxc6 23. f3 Ne5 24. Kf2 g5 25. Ra3 h5 26. Rb3 R8c7 27. Ke3 h4 28. Bd3 Ng6 29. Ra1 Nf4 30. Bf1 d5 31. Ra4 e5 32. exd5 N6xd5+ 33. Nxd5 Nxd5+ 34. Ke4 Nf4 35. c3 Kg6 36. Rab4 f5+ 37. Ke3 Nd5+ 38. Kd2 Nxb4 39. Rxb4 Rc5 40. Rb6+ R5c6 41. Rb4 Rd7+ 42. Kc2 Rc5 43. Rb6+ Rc6 44. Rxc6+ bxc6 45. b4 Ra7 46. Kb3 Kf6 47. Kc4 e4 48. fxe4 fxe4 49. Kc5 Ke5 50. Kxc6 e3 51. c4 Rf7 52. Bd3 Rf2 53. c5 Rf6+ 54. Kb7 Kd4 55. Be2 Rf2 56. Bxa6 Rf7+ 57. Kb6 Rf6+ 58. c6 Kc3 59. Be2 Kxb4 60. a6 Kc3 61. a7 Rf8 62. c7 Kd2 63. Bg4 Rf6+ 64. Kb7 Rf4 65. a8=Q Rb4+ 66. Kc8 e2 67. Qa2+ 1-0


[Site "https://www.chess.com"]

[Event "Titled Tuesday Blitz February 07 Late 2023"]
[White "Yoo, Christopher Woojin"]
[Black "Tan, Zhongyi"]
[WhiteFideId "30909694"]
[BlackFideId "8603642"]
[WhiteElo "2607"]
[BlackElo "2517"]
[Result "1-0"]
[Round "03"]
[TimeControl "180+2"]
[Date "2023.02.07"]
[WhiteClock "0:00:37"]
[BlackClock "0:00:06"]

1. e4 c5 2. Nf3 d6 3. d4 cxd4 4. Nxd4 Nf6 5. Nc3 g6 6. Be3 Bg7 7. f3 O-O 8. Qd2 Nc6 9. O-O-O d5 10. Qe1 e5 11. Nxc6 bxc6 12. exd5 Nxd5 13. Bc4 Be6 14. Kb1 Qc7 15. Bc5 Rfd8 16. Ne4 Nf4 17. Bxe6 Nxe6 18. Bd6 Qb6 19. Qh4 c5 20. Be7 Rxd1+ 21. Rxd1 Rb8 22. b3 c4 23. Nf6+ Bxf6 24. Bxf6 cxb3 25. axb3 Qe3 26. Qe4 Qxe4 27. fxe4 Rb4 28. Re1 Nc5 29. Bxe5 Rxe4 30. Rxe4 Nxe4 31. c4 f5 32. Kc2 Kf7 33. b4 Ke6 34. Bd4 a6 35. Kd3 Nd6 36. Bc5 Nb7 37. Be3 Nd6 38. Bf4 Ne4 39. Kd4 g5 40. Bc1 h5 41. b5 axb5 42. cxb5 Kd6 43. b6 Kc6 44. Ke5 Nf2 45. Kxf5 g4 46. Be3 Nd1 47. Bd4 g3 48. hxg3 Kb7 49. Kg5 1-0


[Site "https://www.chess.com"]

[Event "Titled Tuesday Blitz February 07 Late 2023"]
[White "Dardha, Daniel"]
[Black "Sokolovsky, Yahli"]
[WhiteFideId "240990"]
[BlackFideId "2820242"]
[WhiteElo "2631"]
[BlackElo "2461"]
[Result "1-0"]
[Round "03"]
[TimeControl "180+2"]
[Date "2023.02.07"]
[WhiteClock "0:02:06"]
[BlackClock "0:00:38"]

1. Nf3 d5 2. e3 Bg4 3. c4 Bxf3 4. Qxf3 e6 5. Nc3 c6 6. d4 Nd7 7. Bd3 f5 8. g4 fxg4 9. Qxg4 Qf6 10. Bd2 O-O-O 11. O-O-O Nh6 12. Qh3 Bd6 13. e4 Bf4 14. exd5 exd5 15. cxd5 cxd5 16. Nxd5 Bxd2+ 17. Rxd2 Qc6+ 18. Rc2 1-0


[Site "https://www.chess.com"]

[Event "Titled Tuesday Blitz February 07 Late 2023"]
[White "Fiorito, Joaquin"]
[Black "Makhnev, Denis"]
[WhiteFideId "180173"]
[BlackFideId "13707647"]
[WhiteElo "2405"]
[BlackElo "2483"]
[Result "1/2-1/2"]
[Round "03"]
[TimeControl "180+2"]
[Date "2023.02.07"]
[WhiteClock "0:00:08"]
[BlackClock "0:00:06"]

1. d4 Nf6 2. Nc3 d5 3. Bf4 e6 4. Nb5 Na6 5. e3 c6 6. Nc3 Bb4 7. Bxa6 bxa6 8. Nf3 Ne4 9. O-O Nxc3 10. bxc3 Be7 11. Ne5 c5 12. Rb1 O-O 13. Nc6 Qe8 14. Nxe7+ Qxe7 15. Qc1 c4 16. Qb2 Qf6 17. Qa3 Bd7 18. Qxa6 Qg6 19. Rb2 h5 20. h3 h4 21. Rfb1 Rfc8 22. a4 Be8 23. Bb8 Rd8 24. Qa5 Rc8 25. Qa6 Bd7 26. Bf4 Be8 27. Bb8 1/2-1/2


[Site "https://www.chess.com"]

[Event "Titled Tuesday Blitz February 07 Late 2023"]
[White "Alekseenko, Kirill"]
[Black "Taspinar, Yanki"]
[WhiteFideId "4135539"]
[BlackFideId "34561188"]
[WhiteElo "2686"]
[BlackElo "2262"]
[Result "0-1"]
[Round "03"]
[TimeControl "180+2"]
[Date "2023.02.07"]
[WhiteClock "0:00:29"]
[BlackClock "0:00:13"]

1. d4 Nf6 2. Nc3 g6 3. e4 d6 4. f4 Bg7 5. Nf3 O-O 6. Bd3 a6 7. e5 Nfd7 8. h4 dxe5 9. fxe5 c5 10. h5 cxd4 11. hxg6 dxc3 12. Ng5 Qa5 13. gxf7+ Rxf7 14. Nxf7 Nxe5 15. b4 Nxd3+ 16. Qxd3 Qf5 17. Qd8+ Kxf7 18. Rf1 Qxf1+ 19. Kxf1 Nc6 20. Bg5 Nxd8 21. Rd1 Bf5 22. Ke2 Bg6 23. Rf1+ Kg8 24. Bxe7 Nc6 25. Bc5 Re8+ 26. Kd1 Rd8+ 27. Kc1 Bh6+ 28. Kb1 Rd2 29. Ka1 Rxc2 30. g4 Rc1+ 31. Rxc1 Bxc1 32. a4 Bb2+ 33. Ka2 a5 34. b5 Nb4+ 35. Kb3 Bc2+ 36. Kc4 Bxa4 37. Bd4 Ba1 38. Be3 c2 39. Kc5 Bb2 40. Kb6 Bxb5 41. Kxb5 c1=Q 42. Bxc1 Bxc1 43. Kxa5 Nd5 44. Kb5 Nf6 45. g5 Bxg5 46. Kb6 Kf7 47. Kxb7 Ke6 0-1


[Site "https://www.chess.com"]

[Event "Titled Tuesday Blitz February 07 Late 2023"]
[White "Tatarinov, Dmitry"]
[Black "Ibarra Jerez, Jose Carlos"]
[WhiteFideId "24160067"]
[BlackFideId "2226332"]
[WhiteElo "2310"]
[BlackElo "2563"]
[Result "1/2-1/2"]
[Round "03"]
[TimeControl "180+2"]
[Date "2023.02.07"]
[WhiteClock "0:00:13"]
[BlackClock "0:00:06"]

1. d4 Nf6 2. Nf3 g6 3. g3 d6 4. Bg2 Bg7 5. O-O O-O 6. c4 Bf5 7. Nc3 Ne4 8. Nxe4 Bxe4 9. e3 c5 10. Bd2 Bd3 11. Re1 Bxc4 12. Qc2 Ba6 13. dxc5 dxc5 14. Qxc5 Bxb2 15. Rad1 Bf6 16. e4 Nd7 17. Qa3 Qc7 18. Rc1 Qb8 19. Bb4 Re8 20. e5 Nxe5 21. Nxe5 Bxe5 22. Bxe7 Bg7 23. h4 h5 24. Bd5 Be5 25. Re3 Kg7 26. Rce1 f6 27. Rxe5 fxe5 28. Bd6 Qd8 29. Rxe5 Rxe5 30. Bxe5+ Kh7 31. Qf3 Qe7 32. Bb2 Rf8 33. Qc3 Qd7 34. Be4 Qd1+ 35. Kh2 Rxf2+ 36. Bg2 Rxg2+ 37. Kxg2 Qf1+ 38. Kh2 Qf2+ 39. Kh1 Qf1+ 40. Kh2 Qe2+ 41. Kh1 Qf1+ 42. Kh2 1/2-1/2


[Site "https://www.chess.com"]

[Event "Titled Tuesday Blitz February 07 Late 2023"]
[White "UnknownMagician"]
[Black "Svane, Frederik"]
[BlackFideId "12923044"]
[WhiteElo "2696"]
[BlackElo "2600"]
[Result "1/2-1/2"]
[Round "03"]
[TimeControl "180+2"]
[Date "2023.02.07"]
[WhiteClock "0:01:16"]
[BlackClock "0:00:05"]

1. c4 e6 2. Nf3 d5 3. d4 c6 4. Nc3 Nd7 5. e4 dxe4 6. Nxe4 Ngf6 7. Nxf6+ Nxf6 8. Bd3 Be7 9. O-O O-O 10. Bg5 h6 11. Bh4 c5 12. dxc5 Bxc5 13. Qe2 Be7 14. Rad1 Qa5 15. a3 Rd8 16. h3 Bd7 17. Ne5 Be8 18. Rfe1 Ba4 19. Nxf7 Bxd1 20. Qxe6 Rxd3 21. Nxh6+ Kh7 22. Re5 Qd2 23. Qf5+ Kh8 24. Nf7+ Kg8 25. Rxe7 Bg4 26. Nh6+ Qxh6 27. Qxd3 Qxh4 28. Qg6 Qh7 29. Qf7+ Kh8 30. hxg4 Nxg4 31. Re8+ Rxe8 32. Qxe8+ Qg8 33. Qh5+ Qh7 34. Qe8+ Qg8 35. Qh5+ Qh7 36. Qe8+ 1/2-1/2


[Site "https://www.chess.com"]

[Event "Titled Tuesday Blitz February 07 Late 2023"]
[White "Maksimovic, Bojan"]
[Black "Moussard, Jules"]
[WhiteFideId "14408120"]
[BlackFideId "642908"]
[WhiteElo "2486"]
[BlackElo "2644"]
[Result "1-0"]
[Round "03"]
[TimeControl "180+2"]
[Date "2023.02.07"]
[WhiteClock "0:00:07"]
[BlackClock "0:00:03"]

1. e4 c5 2. Nf3 a6 3. c3 d5 4. exd5 Nf6 5. d4 cxd4 6. Qa4+ Qd7 7. Qxd7+ Bxd7 8. c4 e6 9. dxe6 Bxe6 10. Nxd4 Nc6 11. Nxc6 bxc6 12. Nc3 O-O-O 13. Bd2 Bc5 14. f3 Nd7 15. O-O-O Ne5 16. Ne4 Bd4 17. b3 h6 18. Be2 f5 19. Bc3 Be3+ 20. Kb2 Nxc4+ 21. Bxc4 Bxc4 22. Nd6+ Rxd6 23. Rxd6 Bd5 24. Re1 Re8 25. Rg6 f4 26. Rxg7 a5 27. g3 a4 28. bxa4 Rf8 29. gxf4 Bxf4 30. Ree7 Bd6 31. Rd7 Bb8 32. Rde7 Bd6 33. Ra7 Bb8 34. Ra8 c5 35. Ra5 Bd6 36. Ra6 Bxh2 37. Rxh6 Bf4 38. Rh5 Bxf3 39. Rxc5+ Kb8 40. Rb5+ Ka8 41. Ra5+ Kb8 42. Be5+ Bxe5+ 43. Rxe5 Ka8 44. Ra5+ Kb8 45. Rb5+ Ka8 46. Ra5+ Kb8 47. Raa7 Bc6 48. Raf7 Rh8 49. a5 Bd5 50. Rd7 Bc6 51. Rde7 Rh2+ 52. Kc3 Rh3+ 53. Kb4 Rh8 54. Kc5 Bf3 55. a6 Rc8+ 56. Kd4 Rd8+ 57. Ke3 Bh1 58. a3 Rf8 59. Rgf7 Rg8 60. Kf4 Rg1 61. Rf8# 1-0


[Site "https://www.chess.com"]

[Event "Titled Tuesday Blitz February 07 Late 2023"]
[White "Perske, Thore"]
[Black "Kozak, Adam"]
[WhiteFideId "12902195"]
[BlackFideId "753246"]
[WhiteElo "2448"]
[BlackElo "2572"]
[Result "1-0"]
[Round "03"]
[TimeControl "180+2"]
[Date "2023.02.07"]
[WhiteClock "0:00:12"]
[BlackClock "0:00:03"]

1. e4 e5 2. Nf3 Nc6 3. Bb5 Nf6 4. Nc3 Bc5 5. O-O O-O 6. Bxc6 dxc6 7. d3 Nd7 8. Be3 Bd6 9. Ne2 Re8 10. Ng3 Nf8 11. h3 Be6 12. Qd2 f6 13. a4 Ng6 14. b3 Qd7 15. Kh2 c5 16. Qc3 b6 17. a5 Nf4 18. Bxf4 exf4 19. Ne2 b5 20. d4 c4 21. e5 b4 22. Qd2 c3 23. Qxf4 fxe5 24. dxe5 Rf8 25. Qd4 Be7 26. Qxd7 Bxd7 27. Ne1 g5 28. Nd3 Bf5 29. Rad1 Rad8 30. Nec1 Rd5 31. f4 gxf4 32. Rxf4 c5 33. Rdf1 Bg6 34. Rxf8+ Bxf8 35. e6 Bd6+ 36. Kg1 Rf5 37. Rxf5 Bxf5 38. Kf2 Bxe6 39. Ne2 Bf5 40. Ke3 h5 41. Ne1 Kf7 42. Nf4 h4 43. Kf3 Kf6 44. Nd5+ Ke5 45. Ne3 Be4+ 46. Ke2 Be7 47. Nd3+ Kd4 48. Nf4 Ke5 49. Nd3+ Kd6 50. Nf2 Bg6 51. Nd3 Bf6 52. Nc4+ Kd5 53. Nf4+ Ke4 54. Nxg6 Bd4 55. Ne7 Bg1 56. Ng6 Kf5 57. Nxh4+ Kf4 58. Nf3 Bd4 59. g4 Bf6 60. g5 Bxg5 61. Nxg5 Kxg5 62. Kd3 Kf4 63. Nd6 Kg3 64. Ne4+ Kxh3 65. Nxc5 Kg2 66. Na6 Kf2 67. Nxb4 Ke1 68. Nc6 1-0


[Site "https://www.chess.com"]

[Event "Titled Tuesday Blitz February 07 Late 2023"]
[White "Baskakov, Egor"]
[Black "Kalogeris, Ioannis"]
[WhiteFideId "24197866"]
[BlackFideId "4239563"]
[WhiteElo "2215"]
[BlackElo "2423"]
[Result "1-0"]
[Round "03"]
[TimeControl "180+2"]
[Date "2023.02.07"]
[WhiteClock "0:00:55"]
[BlackClock "0:00:13"]

1. e4 e5 2. Nc3 Nc6 3. g3 Bc5 4. Bg2 d6 5. h3 a5 6. Nge2 Nf6 7. d3 Be6 8. Nd5 Qd7 9. c3 Bxd5 10. exd5 Ne7 11. c4 h6 12. O-O O-O 13. Kh2 Nf5 14. Nc3 Bd4 15. Bd2 a4 16. a3 Kh8 17. f4 Ne3 18. Bxe3 Bxe3 19. fxe5 dxe5 20. Rxf6 gxf6 21. Qf3 Bd4 22. Qxf6+ Kg8 23. Ne4 Ra6 24. d6 cxd6 25. Qxh6 d5 26. Nf6+ Rxf6 27. Qxf6 Qe6 28. Qg5+ Qg6 29. Qxg6+ fxg6 30. cxd5 Rc8 31. Rf1 Kg7 32. h4 b5 33. d6 Rd8 34. Bc6 Rxd6 35. Bxb5 Rb6 36. Bxa4 Rxb2+ 37. Kh3 Bc5 38. Bc6 Bxa3 39. Ra1 Bc5 40. Be4 Rb6 41. Ra7+ Kf6 42. Rd7 Rd6 43. Rc7 Bb6 44. Rb7 Be3 45. g4 Rb6 46. g5+ Ke6 47. Rxb6+ Bxb6 48. Bxg6 Bd8 49. Kg4 Be7 50. Be4 Bd8 51. h5 Be7 52. h6 Kf7 53. g6+ Kf6 54. g7 1-0


[Site "https://www.chess.com"]

[Event "Titled Tuesday Blitz February 07 Late 2023"]
[White "Khripachenko, Alexander"]
[Black "Perez Ponsa, Federico"]
[WhiteFideId "54184975"]
[BlackFideId "117927"]
[WhiteElo "2110"]
[BlackElo "2532"]
[Result "1-0"]
[Round "03"]
[TimeControl "180+2"]
[Date "2023.02.07"]
[WhiteClock "0:00:12"]
[BlackClock "0:00:06"]

1. d4 Nf6 2. c4 g6 3. Nc3 Bg7 4. e4 d6 5. h3 e5 6. d5 a5 7. Be3 Na6 8. g4 Nc5 9. f3 h5 10. g5 Nh7 11. h4 f6 12. gxf6 Bxf6 13. Bf2 O-O 14. Qd2 Be7 15. O-O-O Rf4 16. Be3 Rxh4 17. Rxh4 Bxh4 18. Nh3 Bxh3 19. Bxh3 Qf6 20. Kb1 Qxf3 21. Be6+ Kh8 22. Bxc5 dxc5 23. d6 cxd6 24. Qxd6 Rd8 25. Qxe5+ Bf6 26. Rxd8+ Kg7 27. Qd6 Bxd8 28. Qxd8 Qf6 29. Qd6 Ng5 30. Qc7+ Kh6 31. Bd5 h4 32. e5 Qf1+ 33. Kc2 h3 34. e6 Qf2+ 35. Kb3 h2 36. e7 Ne6 37. Bxe6 h1=Q 38. e8=Q Qf6 39. Bd5 a4+ 40. Kxa4 Qhh4 41. Qe3+ g5 42. Qce5 Qa6+ 43. Kb3 Qb6+ 44. Kc2 Qg6+ 45. Q5e4 Qh2+ 46. Qe2 Qgd6 47. Qe6+ Kg7 48. Qxd6 Qxd6 49. Ne4 Qe5 50. Qd2 1-0


[Site "https://www.chess.com"]

[Event "Titled Tuesday Blitz February 07 Late 2023"]
[White "Jones, Gawain C B"]
[Black "Czopor, Maciej"]
[WhiteFideId "409561"]
[BlackFideId "21805431"]
[WhiteElo "2618"]
[BlackElo "2385"]
[Result "1/2-1/2"]
[Round "03"]
[TimeControl "180+2"]
[Date "2023.02.07"]
[WhiteClock "0:00:04"]
[BlackClock "0:00:04"]

1. e4 g6 2. d4 c6 3. Nc3 Bg7 4. f4 d5 5. e5 Nh6 6. Nf3 Bg4 7. Be3 Nf5 8. Bf2 h5 9. h3 Bxf3 10. Qxf3 h4 11. O-O-O e6 12. Kb1 b5 13. Ne2 Nd7 14. Nc1 Bf8 15. Nb3 a5 16. Qc3 a4 17. Nc5 Nxc5 18. dxc5 Be7 19. Bd3 Rh5 20. Be2 Rh7 21. b4 Qc7 22. Rd3 Kd8 23. Bg4 Kc8 24. Bxf5 gxf5 25. g4 hxg3 26. Rxg3 Kb7 27. Qf3 Rah8 28. a3 Qd8 29. Bd4 Bh4 30. Rg2 Be7 31. Kb2 Qf8 32. Rg3 Bh4 33. Rg2 Be7 34. Rg3 Bh4 35. Rgg1 Be7 36. Rh2 Rh4 37. Qg3 Qh6 38. Be3 Rxh3 39. Rxh3 Qxh3 40. Qxh3 Rxh3 41. Rg7 Kc7 42. Rxf7 Kd7 43. Bf2 Ke8 44. Rg7 Kf8 45. Rg2 Rf3 46. Bg3 Kf7 47. Bh2 Bf8 48. Rg5 Bh6 49. Rh5 Kg6 50. Rh4 Rf2 51. Kc3 Rf3+ 52. Kb2 Rf2 53. Rh3 Rf1 54. Rg3+ Kf7 55. Rh3 Kg6 56. Rh4 Rf3 57. Ka2 Rf2 58. Kb1 Rf1+ 59. Kb2 Rf3 60. Ka2 Rf2 61. Kb1 Rf1+ 62. Ka2 Rf3 63. Kb2 1/2-1/2


[Site "https://www.chess.com"]

[Event "Titled Tuesday Blitz February 07 Late 2023"]
[White "Maltsevskaya, Aleksandra"]
[Black "Swiercz, Dariusz"]
[WhiteFideId "24174041"]
[BlackFideId "1126881"]
[WhiteElo "2390"]
[BlackElo "2637"]
[Result "0-1"]
[Round "03"]
[TimeControl "180+2"]
[Date "2023.02.07"]
[WhiteClock "0:00:03"]
[BlackClock "0:00:11"]

1. e4 c6 2. Nc3 d5 3. Nf3 dxe4 4. Nxe4 Nf6 5. Nxf6+ exf6 6. d4 Bd6 7. Bd3 O-O 8. O-O Re8 9. c3 Nd7 10. Be3 Nf8 11. h3 Be6 12. Qd2 Qd7 13. Bf4 Bd5 14. Nh2 Ng6 15. Bxd6 Qxd6 16. c4 Be4 17. Bxe4 Rxe4 18. Nf3 Nh4 19. Nxh4 Rxd4 20. Qe3 Rxh4 21. Rad1 Qf8 22. b3 a5 23. Rd7 b5 24. cxb5 cxb5 25. Qb6 b4 26. Rfd1 Re4 27. Rd8 Re1+ 28. Kh2 Rxd1 29. Rxd1 Qb8+ 30. Qxb8+ Rxb8 31. Rd5 Ra8 32. Rb5 g6 33. g3 f5 34. Kg2 Kg7 35. h4 h6 36. Kf3 Ra6 37. Rb7 Kf6 38. Rb5 Ke6 39. Rb8 Rd6 40. Rb5 Rd5 41. Rb6+ Ke5 42. Ke3 Rc5 43. Rb7 Kf6 44. Ra7 Rd5 45. Ra6+ Kg7 46. Ra7 g5 47. hxg5 hxg5 48. Ra6 f6 49. Ra7+ Kg6 50. Ra8 Re5+ 51. Kd3 Rc5 52. Kd4 Rc2 53. f4 Rxa2 54. Ra6 g4 55. Kd5 Rb2 56. Kc4 Rc2+ 57. Kb5 Rc3 58. Ka4 Rxg3 59. Rxa5 Rf3 60. Ra8 Rxf4 61. Kb5 Kg5 62. Rg8+ Kh4 0-1


[Site "https://www.chess.com"]

[Event "Titled Tuesday Blitz February 07 Late 2023"]
[White "Zhigalko, Sergei"]
[Black "Kavutskiy, Konstantin"]
[WhiteFideId "13502956"]
[BlackFideId "2026384"]
[WhiteElo "2572"]
[BlackElo "2414"]
[Result "1-0"]
[Round "03"]
[TimeControl "180+2"]
[Date "2023.02.07"]
[WhiteClock "0:00:04"]
[BlackClock "0:00:06"]

1. e4 Nc6 2. Nf3 d6 3. d4 Nf6 4. Nc3 g6 5. Bb5 a6 6. Bxc6+ bxc6 7. O-O Bg7 8. h3 O-O 9. Re1 Rb8 10. b3 c5 11. e5 Nd7 12. Bg5 Re8 13. Nd5 c6 14. Nf4 cxd4 15. exd6 Nf6 16. dxe7 Rxe7 17. Rxe7 Qxe7 18. Qxd4 c5 19. Qc4 Qe4 20. Rd1 Bf5 21. Qxc5 Qxc2 22. Qxc2 Bxc2 23. Rc1 Be4 24. Nd2 Bf5 25. Bxf6 Bxf6 26. Nd5 Bg5 27. f4 Bh4 28. Nc4 Be6 29. Nde3 Rd8 30. Rd1 Rxd1+ 31. Nxd1 Bg3 32. Nc3 Bxc4 33. bxc4 Bxf4 34. Kf2 Kf8 35. Kf3 Bb8 36. Ke4 Ke7 37. Kd5 Kf6 38. c5 Kf5 39. Ne2 h5 40. Nd4+ Kf4 41. Nc6 Bc7 42. Nb4 a5 43. Na6 Be5 44. c6 f5 45. Nc5 Bc7 46. Ne6+ Kg3 47. Nxc7 Kxg2 48. Ne6 f4 49. Nxf4+ 1-0


[Site "https://www.chess.com"]